 Dungeon Crawl Stone Soup version 0.29.1-1-gd02db6906a (webtiles) character file.

Game seed: 15252556170573036808

32 EvilAshe the Stinger (level 3, 0/19 HPs)
             Began as a Tengu Venom Mage on Sept 17, 2022.
             Slain by Terence
             ... wielding a +0 falchion
              (10 damage)
             ... on level 2 of the Dungeon.
             The game lasted 00:05:10 (1611 turns).

EvilAshe the Stinger (Tengu Venom Mage)             Turns: 1611, Time: 00:05:12

Health: 0/19       AC:  2    Str:  8    XL:     3   Next: 27%
Magic:  2/7        EV: 12    Int: 17    God:
Gold:   90         SH:  0    Dex: 14    Spells: 0/6 levels left

rFire   . . .      SeeInvis .   h - +0 club
rCold   . . .      Faith    .   (no shield)
rNeg    . . .      Spirit   .   a - +0 robe
rPois   .          Reflect  .   (helmet restricted)
rElec   .          Harm     .   (no cloak)
rCorr   +          Rampage  .   (no gloves)
Will    .....                   (boots unavailable)
Stlth   ++........              (no amulet)
HPRegen 0.06/turn               f - ring of wizardry
MPRegen 0.10/turn               k - ring of resist corrosion

@: no status effects
A: beak, talons 3
a: no special abilities


You were on level 2 of the Dungeon.
You visited 1 branch of the dungeon, and saw 3 of its levels.

You collected 90 gold pieces.

Inventory:

Hand Weapons
 h - a +0 club (weapon)
Missiles
 c - 28 stones (quivered)
Armour
 a - a +0 robe (worn)
Jewellery
 f - a ring of wizardry (left hand)
 k - a ring of resist corrosion (right hand)
Scrolls
 e - a scroll of poison {unknown}
 i - a scroll of magic mapping {unknown}
 j - a scroll of silence {unknown}
 l - 2 scrolls of identify {unknown}
 m - a scroll of teleportation {unknown}
Potions
 b - a potion of magic
 d - a potion of attraction {unknown}
 g - a potion of brilliance {unknown}
 n - a potion of curing {unknown}


   Skills:
 + Level 2.6 Dodging
 + Level 2.4 Stealth
 + Level 2.3 Spellcasting
 + Level 1.2 Transmutations
 + Level 3.2 Poison Magic


You couldn't memorise any spells.
You knew the following spells:

 Your Spells              Type           Power      Damage    Failure   Level
a - Sting                 Tmut/Pois      36%        1d4       3%          1
b - Poisonous Vapours     Pois/Air       14%        N/A       6%          2
c - Mephitic Cloud        Conj/Pois/Air  5%         N/A       14%         3

Your spell library contained the following spells:

 Spells                   Type           Power      Damage    Failure   Level
 Olgreb's Toxic Radiance  Pois           13%        N/A       19%         4


Dungeon Overview and Level Annotations

Branches:
Dungeon (3/15)

Altars:

Annotations:
D:1 exclusion: endoplasm
D:2 exclusion: endoplasm, Terence


Innate Abilities, Weirdness & Mutations

You have a beak for a mouth.
You have claws for feet.


Message History

You climb downwards.
There is a stone staircase leading up here.
You open the door.
There is an open door here.
You open the door.
Terence the Incautious comes into view.
He is wielding a +0 falchion.
There is an open door here.
Casting: Poisonous Vapours (safe; 6% risk of failure)
Confirm with . or Enter, or press ? or * to list all spells.
Aiming: Poisonous Vapours (safe; 6% risk of failure)
Press: ? - help, Dir - move target, f - Terence
Aim: Terence, wielding a +0 falchion and wearing a +0 ring mail Poisonous vapours surround Terence!
Terence is poisoned.
Terence attacks as you move away! Terence barely misses you.
Casting: Poisonous Vapours (safe; 6% risk of failure)
Confirm with . or Enter, or press ? or * to list all spells.
Aiming: Poisonous Vapours (safe; 6% risk of failure)
Press: ? - help, Dir - move target, f/p - Terence
Aim: Terence, wielding a +0 falchion and wearing a +0 ring mail (lightly wounded, poisoned) Poisonous vapours surround Terence!
Terence looks even sicker.
Terence screams, "I want your blood!" Terence closely misses you.
Terence attacks as you move away! Terence barely misses you.
Terence attacks as you move away! Terence barely misses you.
There is a stone staircase leading up here.
Terence hits you with a +0 falchion!
You climb upwards.
Level annotation: exclusion: endoplasm
There is a stone staircase leading down here.
Terence attacks as you move away! Terence hits you with a +0 falchion.
Casting: Poisonous Vapours (safe; 6% risk of failure)
Confirm with . or Enter, or press ? or * to list all spells.
Aiming: Poisonous Vapours (safe; 6% risk of failure)
Press: ? - help, Dir - move target, f - Terence
Aim: Terence, wielding a +0 falchion and wearing a +0 ring mail (moderately wounded, poisoned) Poisonous vapours surround Terence!
Terence looks even sicker.
Terence closely misses you. Terence attacks as you move away!
Terence hits you with a +0 falchion!
Ouch! That really hurt!
You die...

####....# #.........# #.
#.....### #.........####
#.##.## #.........##.. ##.##.#
#............# #..##.#
###............. #.###.#
####..............# #.# #.#
##...>...........### #.#
#.####...@##....<.....#
####.###.##....@###..........#
#........#..##.## #.........##
#..........###.# ####...####
#........### #.# #......#
#...<....# #.# #.....##
#........# ###.# ##.###.#
########.###...# #..# #†#
#.##..### #>.# #.# ##.##.##
#### #.#


You could see Terence (very poisoned).

Vanquished Creatures
  An adder (D:2)
  A bat (D:2)
  3 giant cockroaches
  A goblin (D:2)
  6 hobgoblins
  2 kobolds
  3 ball pythons
  3 frilled lizards (D:2)
  A rat (D:1)
21 creatures vanquished.

Notes
Turn   | Place    | Note
-------+----------+-------------------------------------------
     0 | D:1      | EvilAshe the Tengu Venom Mage began the quest for the Orb.
     0 | D:1      | Reached XP level 1. HP: 10/10 MP: 4/4
   433 | D:1      | Reached skill level 1 in Transmutations
   433 | D:1      | Reached XP level 2. HP: 15/15 MP: 4/6
   436 | D:1      | Learned a level 2 spell: Poisonous Vapours
   691 | D:2      | Reached XP level 3. HP: 14/19 MP: 0/7
   787 | D:2      | Learned a level 3 spell: Mephitic Cloud
  1596 | D:3      | Noticed Terence
  1611 | D:2      | Slain by Terence

Illustrated notes

Levels and vault maps discovered:
D:1:      dpeg_arrival_pits, layout_basic, nicolae_figureground_pulse
D:2:      layout_rooms
D:3:      layout_basic, uniq_ijyb, uniq_natasha, uniq_terence

Skill      XL: |  1 |
---------------+----+-----
Transmutations | 1 |  1.2
Dodging        | |  2.6
Stealth        | |  2.4
Spellcasting   | |  2.3
Poison Magic   | |  3.2

Action                   || total
-------------------------++-------
Melee: Club              ||     8
       Peck              ||     3
       Kick              ||     2
 Cast: Sting             ||    23
       Poisonous Vapours ||    20
Armor: Robe              ||     2
Dodge: Dodged            ||    21
